Map: Radhuset Station LE

Players

SubN

  • Race: Zerg Zerg
  • League: Diamond
  • Spawn Location: 1:00

plshurtme - Winner!

  • Race: Protoss Protoss
  • League: Diamond
  • Spawn Location: 7:00

VOD

Have the link to the VOD?

Description

Time

  • Played on: Jan. 23, 2024, 12:39 a.m.
  • Length: 11:35
Show
View Real Time Build Order
Export as new Build Order

SubN Zerg 

Build Orders: Pool First 

Get SALT Encoding   

  12  0:00  Drone  
  13  0:12  Overlord  
  13  0:17  Drone  
  14  0:30  Drone x2  
  14  0:33  Drone  
  17  0:45  Spawning Pool  
  17  0:49  Drone  
  17  1:10  Hatchery  
  16  1:16  Drone x2  
  18  1:25  Drone  
  19  2:22  Queen  
  18  2:32  Spine Crawler  
  18  2:34  Spine Crawler  
  16  2:39  Zergling x8  
  16  2:40  Zergling x2  
  21  2:47  Roach Warren  
  19  3:01  Zergling x2  
  14  3:27  Spine Crawler  
  12  3:38  Spine Crawler  
  11  3:44  Queen  
  13  3:52  Drone x3  
  16  4:15  Drone x2  
  18  4:23  Extractor  
  17  4:25  Queen  
  17  4:28  Drone  
  20  4:47  Drone  
  20  4:49  Drone  
  22  5:24  Overlord x2  
  22  5:25  Overlord  
  22  5:47  Drone  
  23  6:13  Drone x4  
  23  6:17  Hatchery  
  26  6:36  Drone x4  
  30  6:40  Metabolic Boost, Lair  
  30  6:53  Drone  
  31  7:11  Spore Crawler  
  31  7:12  Spore Crawler  
  31  7:14  Drone x5  
  34  7:17  Spore Crawler  
  34  7:19  Spore Crawler  
  32  7:28  Spore Crawler  
  31  7:37  Glial Reconstitution  
  31  7:43  Drone  
  32  7:45  Spore Crawler  
  32  7:46  Drone x6  
  32  7:47  Queen  
  32  7:48  Queen  
  41  8:08  Drone x2  
  41  8:09  Drone, Overlord x3  
  44  8:27  Hydralisk Den  
  44  8:28  Drone  
  44  8:30  Baneling Nest  
  43  8:36  Drone x8  
  51  8:42  Extractor  
  51  8:44  Extractor  
  51  8:45  Hatchery  
  48  8:48  Extractor  
  47  8:57  Drone  
  47  8:59  Muscular Augments  
  47  9:02  Drone x2  
  50  9:06  Drone x2  
  52  9:11  Evolution Chamber  
  52  9:12  Queen  
  52  9:15  Evolution Chamber  
  52  9:23  Overlord x3  
  52  9:26  Overseer x2  
  52  9:29  Overseer  
  52  9:36  Drone x7  
  59  9:46  Centrifugal Hooks  
  59  9:48  Pneumatized Carapace  
  59  9:52  Drone x5  
  64  10:03  Drone x2, Grooved Spines  
  64  10:04  Drone, Extractor  
  64  10:05  Queen  
  68  10:11  Overlord  
  68  10:14  Overlord  
  68  10:20  Roach x3  
  74  10:25  Hydralisk  
  74  10:26  Zergling x4  
  74  10:28  Zergling x4  
  80  10:31  Hydralisk  
  82  10:39  Roach x3  
  82  10:41  Zergling x2  
  89  10:48  Hydralisk x3  
  95  10:53  Baneling x3  
  95  10:54  Baneling  
  95  11:00  Hydralisk x3  
  101  11:04  Roach x2  
  101  11:05  Roach  
Show
View Real Time Build Order
Export as new Build Order

plshurtme Protoss - Winner!

Build Orders: Cannon Rush 

Get SALT Encoding   

  12  0:00  Probe  
  13  0:17  Probe (Chrono Boost)  
  13  0:20  Pylon  
  14  0:27  Probe (Chrono Boost)  
  15  0:37  Probe  
  15  0:41  Forge  
  17  0:50  Probe  
  17  1:02  Probe  
  18  1:27  Pylon  
  18  1:31  Pylon  
  18  1:32  Pylon  
  18  1:34  Pylon  
  18  1:47  Photon Cannon  
  18  1:49  Photon Cannon  
  18  1:51  Photon Cannon  
  18  1:56  Photon Cannon  
  17  2:22  Pylon  
  17  2:30  Photon Cannon  
  17  2:31  Probe, Photon Cannon  
  18  2:40  Gateway  
  18  2:47  Photon Cannon  
  18  3:02  Photon Cannon  
  18  3:07  Gateway, Probe  
  18  3:11  Assimilator  
  19  3:57  Cybernetics Core  
  19  4:03  Probe (Chrono Boost)  
  19  4:05  Assimilator  
  20  4:12  Nexus  
  20  4:14  Probe (Chrono Boost)  
  21  4:18  Probe (Chrono Boost)  
  21  4:19  Nexus  
  22  4:24  Pylon  
  22  4:29  Probe  
  23  4:40  Warp Gate  
  23  4:41  Probe  
  24  4:46  Pylon  
  24  4:50  Assimilator  
  24  4:54  Assimilator  
  24  5:02  Probe  
  24  5:03  Twilight Council  
  25  5:14  Probe  
  26  5:27  Stargate  
  26  5:28  Probe (Chrono Boost)  
  27  5:33  Probe (Chrono Boost)  
  28  5:39  Sentry  
  28  5:40  Probe (Chrono Boost)  
  32  5:43  Probe (Chrono Boost)  
  32  5:45  Probe (Chrono Boost)  
  32  5:48  Probe (Chrono Boost)  
  33  5:53  Probe  
  35  6:00  Probe  
  36  6:05  Probe  
  36  6:10  Charge (Chrono Boost)  
  41  6:12  Probe  
  41  6:16  Void Ray  
  41  6:17  Probe  
  43  6:24  Probe  
  44  6:30  Probe (Chrono Boost)  
  45  6:36  Probe (Chrono Boost)  
  46  6:42  Probe (Chrono Boost)  
  46  6:45  Gateway, Protoss Ground Weapons Level 1 (Chrono Boost)  
  46  6:46  Gateway, Probe (Chrono Boost)  
  48  6:48  Probe (Chrono Boost)  
  48  6:50  Gateway  
  48  6:51  Pylon  
  49  7:13  Probe  
  54  7:17  Probe  
  54  7:21  Void Ray  
  55  7:25  Probe  
  55  7:29  Templar Archives  
  56  7:37  Gateway x2  
  56  7:41  Gateway  
  56  7:43  Gateway  
  56  7:48  Pylon  
  56  7:53  Pylon  
  56  7:56  Pylon, Probe  
  57  7:59  Pylon  
  57  8:24  Gateway  
  57  8:26  Gateway  
  57  8:29  Gateway  
  57  8:30  Gateway  
  57  8:32  Gateway  
  57  8:36  Gateway  
  57  8:38  Gateway  
  57  8:43  Pylon  
  57  8:47  Pylon  
  57  8:50  Pylon  
  57  8:51  High Templar x2  
  57  8:52  High Templar x4  
  57  8:53  High Templar  
  71  8:55  Archon  
  71  8:56  Archon x2  
  71  9:10  Pylon, Protoss Ground Armor Level 1 (Chrono Boost)  
  71  9:22  High Templar x2  
  71  9:23  High Templar  
  77  9:25  Zealot x2  
  77  9:26  Zealot x3  
  77  9:29  Archon  
  77  9:30  Archon  
  87  9:33  Zealot  
  87  9:34  Zealot  
  91  9:42  Zealot x4  
  99  9:48  Zealot x2  
  103  9:53  Zealot  
  103  9:55  High Templar  
  103  9:56  High Templar  
  109  10:00  Archon  
  109  10:01  Zealot  
  111  10:37  Nexus  
  111  10:39  Zealot x2  
  111  10:41  Zealot x5  
  107  11:18  Zealot x2  
  107  11:20  Zealot x4  
  107  11:21  Zealot x4  
  107  11:22  Zealot  
Tags
 
Add a new tag
Caveats
  • Supply blocks, unpowered buildings, or Contaminate may cause inaccurate times.
  • Supply counts are checked every 10 seconds.